 Dungeon Crawl Stone Soup version 0.19.1-28-ge1247f7 (webtiles) character file.

199324 dngmouse the Slayer (level 17, -8/173 HPs)
             Began as a Minotaur Fighter on Jan 21, 2017.
             Was the Champion of Okawaru.
             Killed from afar by a merfolk aquamancer (29 damage)
             ... with a ball of steam
             ... on level 3 of the Shoals.
             The game lasted 02:40:34 (35976 turns).

dngmouse the Slayer (Minotaur Fighter)             Turns: 35976, Time: 02:40:35

Health: -8/173     AC: 29    Str: 35    XL:     17   Next: 84%
Magic:  10/26      EV: 24    Int:  2    God:    Okawaru [******]
Gold:   1911       SH:  0    Dex: 16    Spells: 0 memorised, 16 levels left

rFire  . . .     SeeInvis +     a - +9 great mace "Zaorr" {crush, rPois rN+ Int-3}
rCold  . . .     Gourm    .     v - +2 chain mail of Gravitas {rN+ MR+ Stlth+}
rNeg   + + +     Faith    .     (shield currently unavailable)
rPois  +         Spirit   .     V - +2 hat {SInv}
rElec  .         Reflect  .     W - +0 cloak {+Inv}
rCorr  .         Harm     .     j - +0 pair of gloves {Str+3}
MR     ++...     Rnd*Rage +     O - +2 pair of boots of the Assassin {DetectMon Stab+ Stlth++}
Stlth  +++.......               P - amulet of regeneration
                                s - ring "Xuletes" {rPois rN+ Str+6 Slay+3}
                                g - +3 ring of evasion

@: exhausted, heroism, finesse
A: retaliatory headbutt, horns 2, iridescent scales 1, thin skeletal structure
1, berserk 1, clumsy 1, poison resistance, strong 2
a: Heroism, Finesse, Renounce Religion, Evoke Invisibility
}: 1/15 runes: serpentine


You were on level 3 of the Shoals.
You worshipped Okawaru.
Okawaru was exalted by your worship.
You were not hungry.

You visited 6 branches of the dungeon, and saw 31 of its levels.

You collected 3283 gold pieces.
You spent 1372 gold pieces at shops.

Inventory:

Hand Weapons
 a - the +9 great mace "Zaorr" (weapon) {crush, rPois rN+ Int-3}
   (Okawaru gifted it to you on level 14 of the Dungeon)

   It inflicts extra damage upon your enemies.
   It affects your intelligence (-3).
   It protects you from poison.
   It protects you from negative energy.
 c - the +7 flail of Dissolution {freeze, MR+}
   (You bought it in a shop on level 2 of the Orcish Mines)

   It has been specially enchanted to freeze those struck by it, causing extra
   injury to most foes and up to half again as much damage against particularly
   susceptible opponents.
   It can also slow down cold-blooded creatures.
   It affects your resistance to hostile enchantments.
Armour
 j - a +0 pair of gloves of strength (worn)
 v - the +2 chain mail of Gravitas (worn) {rN+ MR+ Stlth+}
   (You bought it in a shop on level 2 of the Orcish Mines)

   It protects you from negative energy.
   It affects your resistance to hostile enchantments.
   It makes you more stealthy.
 O - the +2 pair of boots of the Assassin (worn) {DetectMon Stab+ Stlth++}
   (Okawaru gifted it to you on level 6 of the Lair of Beasts)

   It makes you much more stealthy.
 V - a +2 hat of see invisible (worn)
 W - a +0 cloak of invisibility (worn)
Rods
 b - a +1 rod of shadows (11/11)
   (You found it on level 14 of the Dungeon)
Jewellery
 g - a +3 ring of evasion (left hand)
 s - the ring "Xuletes" (right hand) {rPois rN+ Str+6 Slay+3}
   (You acquired it on level 1 of the Snake Pit)

   [ring of strength]

   It affects your strength (+6).
   It affects your accuracy and damage with ranged weapons and melee attacks
   (+3).
   It protects you from poison.
   It protects you from negative energy.
 y - an uncursed ring of flight
 E - an uncursed ring of positive energy
 F - an uncursed ring of protection from magic
 K - an uncursed ring of fire
 P - an amulet of regeneration (around neck)
Wands
 h - a wand of acid (9/15)
 m - a wand of paralysis (16/24)
 r - a wand of lightning (10/15)
 x - a wand of acid (3/15)
 J - a wand of digging (10/24)
 M - a wand of flame (11/48)
 Q - a wand of paralysis (11/24)
 S - a wand of disintegration (9/24)
 X - a wand of iceblast (6/15)
Scrolls
 e - 5 scrolls of fog
 i - a scroll of blinking
 p - 2 scrolls of identify
 q - a scroll of magic mapping
 u - 8 scrolls of remove curse
 w - 13 scrolls of teleportation
 I - a scroll of fear
 N - a scroll of enchant armour
 T - a scroll of holy word
 U - a scroll of recharging {unknown}
Potions
 d - 6 potions of might
 k - 3 potions of haste
 n - 4 potions of agility
 t - 6 potions of cancellation
 z - 11 potions of curing
 H - 4 potions of flight
 L - 2 potions of invisibility
 R - a potion of ambrosia
Miscellaneous
 A - a phial of floods
 B - a lamp of fire (inert)
 C - a sack of spiders
 D - a disc of storms
Comestibles
 f - 16 bread rations
 o - 14 meat rations
 G - 42 fruits
 Y - 5 chunks of flesh


   Skills:
 + Level 21.3(26.3) Fighting
 - Level 14.0(19.0) Maces & Flails
 + Level 16.8(21.8) Armour
 + Level 11.8(16.8) Dodging
   Level 3.6(8.6) Shields
 + Level 14.4 Invocations
 - Level 6.0 Evocations


You had 16 spell levels left.
You didn't know any spells.

Dungeon Overview and Level Annotations

Branches:
Dungeon (15/15)            Temple (1/1) D:5            Lair (6/6) D:10
 Shoals (3/4) Lair:2        Snake (4/4) Lair:4        Slime (0/5) Lair:5
    Orc (2/2) D:9             Elf (0/3) Orc:2        Vaults (0/5) D:14
 Depths (0/5) D:15

Altars:
Ashenzari
Cheibriados
Dithmenos
Elyvilon
Fedhas
Gozag
Hepliaklqana
Kikubaaqudgha
Makhleb
Nemelex Xobeh
Okawaru
Qazlal
Ru
Sif Muna
Trog
Uskayaw
Vehumet
Xom
Yredelemnul
Zin
The Shining One
Beogh
Jiyva

Shops:
D:4 :   D:6 :   D:8 =   D:12 %   D:13 !:*!   D:15 [   Orc:2 =[(=*   Shoals:1 %}
Shoals:2 (

Portals:
Trove: D:14 (give 16 potions of curing)


Innate Abilities, Weirdness & Mutations

You reflexively headbutt those who attack you in melee.
You have a pair of horns on your head.
You are partially covered in iridescent scales. (AC +2)
You have a somewhat thin skeletal structure. (Dex +2, Stealth)
You tend to lose your temper in combat.
You are clumsy. (Dex -2)
Your system is resistant to poisons. (rPois)
Your muscles are very strong. (Str +4)


Message History

The merfolk misses you. You furiously retaliate!
You headbutt the merfolk!
The merfolk impaler completely misses you.
You sock the merfolk impaler!
The merfolk impaler is heavily wounded.
The merfolk aquamancer hits you with a rapier!
* * * LOW HITPOINT WARNING * * *
You barely miss the merfolk impaler.
The merfolk impaler is heavily wounded.
The merfolk barely misses you. You furiously retaliate!
You headbutt the merfolk! The merfolk impaler closely misses you.
You crush the merfolk impaler like a grape!!!
You kill the merfolk impaler!
Okawaru accepts your kill. The merfolk completely misses you.
You bludgeon the merfolk aquamancer!!
You headbutt the merfolk aquamancer, but do no damage.
The merfolk aquamancer is severely wounded.
The merfolk aquamancer gestures at you while chanting.
The ball of steam hits you!
You die...

#...≈.{#..≈≈≈≈......≈≈≈≈≈≈≈
#...#..#..≈≈≈≈.....≈≈≈≈≈≈≈≈
#≈<...##..≈≈≈≈.....≈≈≈≈≈≈≈
##.......≈≈≈≈.≈...≈≈≈≈≈≈≈
######≈..≈≈≈≈≈..≈≈≈≈≈≈≈≈
....≈≈≈≈≈...≈≈≈≈≈≈≈≈
≈≈..≈≈≈≈...≈≈≈≈≈≈≈≈≈
≈≈≈≈≈≈m)m..≈≈≈≈≈≈≈≈≈
≈≈≈≈≈≈)@...≈.≈≈≈≈≈≈≈
≈.....)m≈≈≈≈≈≈≈≈≈≈≈≈
≈≈.....≈≈≈≈≈≈≈≈≈≈≈≈≈
≈≈...≈≈≈≈≈≈≈≈≈≈≈≈≈≈≈
≈......≈≈≈≈≈≈≈≈≈≈≈≈
≈≈≈≈..≈≈≈≈≈≈≈≈≈≈≈≈≈
≈≈≈≈≈≈≈≈≈≈≈≈≈≈≈≈≈≈
≈≈≈≈≈≈≈≈≈≈≈≈≈≈≈≈≈
≈≈≈≈≈≈≈≈≈≈≈≈≈≈≈≈


You could see a merfolk aquamancer and 2 merfolk.

Vanquished Creatures
  Vashnia (Snake:2)
  A kraken (Shoals:1)
  Kirke (D:12)
  Gastronok (Lair:3)
  Donald (Shoals:1)
  8 nagarajas
  An orc warlord (Orc:1)
  Aizul (Snake:3)
  Louise (D:15)
  Azrael (D:13)
  Snorg (Lair:3)
  A merfolk impaler (Shoals:3)
  4 vault guards (D:14)
  7 hydras
  17 naga warriors
  An anaconda (shapeshifter) (D:15)
  4 anacondas
  4 centaur warriors
  2 merfolk avatars
  A merfolk aquamancer (Shoals:1)
  2 ogre magi
  2 satyrs (Shoals:3)
  2 orc high priests
  3 death yaks
  17 naga sharpshooters
  2 shock serpents
  Nergalle (Lair:3)
  A deep elf knight (D:15)
  3 salamander mystics
  3 unseen horrors
  6 sea snakes
  A deep troll (D:15)
  3 naga ritualists
  5 orc knights
  8 hill giants
  10 wizards (D:14)
  7 deep elf magi (D:14)
  A lindwurm (Lair:6)
  16 harpies
  3 oklob plants (Snake:2)
  12 ugly things
  6 mana vipers
  3 orc sorcerers (Orc:2)
  9 salamanders
  6 fauns
  5 elephants (Lair:6)
  2 cyclopes
  6 manticores
  Joseph (D:7)
  2 guardian serpents
  5 sirens
  3 centaur zombies (D:14)
  Maurice (D:12)
  32 black mambas
  17 naga magi
  19 spiny frogs
  3 water nymphs
  A gargoyle (D:13)
  A freezing wraith (D:15)
  9 komodo dragons
  The ghost of Paps the Shield-Bearer, a novice GrFi (D:5)
  2 guardian mummies (D:14)
  10 merfolk
  3 trolls
  5 polar bears
  A wind drake (Shoals:1)
  A harpy skeleton (D:15)
  4 tyrant leeches (Lair:6)
  Prince Ribbit (D:7)
  13 blink frogs
  5 hippogriffs
  4 snapping turtles
  3 shadows
  2 wraiths
  5 basilisks
  7 water elementals
  7 wyverns
  43 yaks
  2 fire elementals (D:13)
  3 hungry ghosts (D:10)
  4 vampire mosquitoes (Lair:6)
  57 nagas
  A mottled dragon (D:14)
  4 wargs
  16 water moccasins
  2 soldier ants (D:13)
  4 hell hounds (D:13)
  8 porcupines
  2 black bears
  4 ice beasts
  29 orc warriors
  3 sky beasts
  15 ogres
  4 necrophages
  9 wolves (Lair:2)
  5 centaurs
  12 crocodiles
  26 bullfrogs
  2 big kobolds
  A wyvern zombie (D:15)
  3 scorpions
  8 wights
  5 killer bees
  2 electric eels (Lair:6)
  2 spriggan skeletons (D:10)
  7 crimson imps
  9 howler monkeys
  A bullfrog zombie (D:4)
  2 bullfrog skeletons
  A gnoll shaman (D:10)
  6 hounds
  22 orc priests
  3 jellies
  24 orc wizards
  12 centaur skeletons
  2 iguanas (D:10)
  Terence (D:3)
  9 worker ants
  2 hound zombies (D:11)
  A howler monkey skeleton (D:10)
  10 gnolls
  8 adders
  A shadow imp (D:14)
  2 oozes
  An adder skeleton (D:9)
  2 adder zombies (D:9)
  2 worms
  2 dart slugs (D:2)
  A leopard gecko (D:3)
  85 orcs
  6 giant cockroaches
  13 goblins
  7 hobgoblins
  8 jackals
  17 kobolds
  7 quokkas
  4 ball pythons
  4 bats
  4 frilled lizards
  A jackal zombie (D:7)
  7 rats
  A fire vortex (D:14)
  A tentacle (Shoals:1)
944 creatures vanquished.

Vanquished Creatures (collateral kills)
  An eye of draining (D:14)
  A lava snake (D:14)
2 creatures vanquished.

Vanquished Creatures (others)
  A wizard (D:14)
  A harpy (Shoals:3)
  A human (D:12)
  An orc priest (D:12)
  3 orcs (D:12)
  13 fungi
  47 plants
  5 tentacles (Shoals:1)
72 creatures vanquished.

Grand Total: 1018 creatures vanquished

Notes
Turn   | Place    | Note
-------+----------+-------------------------------------------
     0 | D:1      | dngmouse the Minotaur Fighter began the quest for the Orb.
     0 | D:1      | Reached XP level 1. HP: 19/19 MP: 0/0
   365 | D:1      | Reached XP level 2. HP: 27/27 MP: 1/1
   595 | D:2      | Reached skill level 4 in Fighting
   595 | D:2      | Reached XP level 3. HP: 24/33 MP: 2/2
  1087 | D:3      | Reached skill level 5 in Maces & Flails
  1087 | D:3      | Reached XP level 4. HP: 40/40 MP: 3/3
  1472 | D:3      | Reached XP level 5. HP: 42/46 MP: 4/4
  1638 | D:3      | Noticed Terence
  1650 | D:3      | Killed Terence
  1846 | D:4      | Found Deanaesui's Book Emporium.
  2080 | D:4      | Reached XP level 6. HP: 52/52 MP: 5/5
  2160 | D:4      | Found a hide-covered altar of Uskayaw.
  2160 | D:4      | Found a blossoming altar of Fedhas.
  2488 | D:5      | Entered Level 5 of the Dungeon
  2498 | D:5      | Noticed Paps's ghost (novice GrFi)
  2527 | D:5      | Killed Paps's ghost
  2527 | D:5      | Reached XP level 7. HP: 34/59 MP: 6/6
  2659 | D:5      | Found a staircase to the Ecumenical Temple.
  2667 | Temple   | Entered the Ecumenical Temple
  2908 | Temple   | Became a worshipper of Warmaster Okawaru
  3239 | D:5      | Reached skill level 10 in Maces & Flails
  3382 | D:5      | Found a shimmering altar of Xom.
  3388 | D:5      | Found a shimmering altar of Xom.
  3389 | D:5      | Found a shimmering altar of Xom.
  3389 | D:5      | Found a shimmering altar of Xom.
  3390 | D:5      | Found a shimmering altar of Xom.
  3390 | D:5      | Found a shimmering altar of Xom.
  3392 | D:5      | Found a shimmering altar of Xom.
  3588 | D:6      | Found Leson's Book Boutique.
  3606 | D:6      | Reached * piety under Okawaru
  3606 | D:6      | Reached XP level 8. HP: 19/66 MP: 7/7
  3610 | D:6      | Gained mutation: Your magical capacity is low. (-10% MP) [potion of mutation]
  3610 | D:6      | Gained mutation: Scrolls take you a little longer to read. [potion of mutation]
  3613 | D:6      | Lost mutation: Your magical capacity is low. (-10% MP) [potion of cure mutation]
  3613 | D:6      | Lost mutation: Scrolls take you a little longer to read. [potion of cure mutation]
  4038 | D:6      | Reached skill level 1 in Invocations
  4057 | D:6      | Reached ** piety under Okawaru
  4309 | D:7      | Found a sacrificial altar of Ru.
  4352 | D:7      | Reached skill level 5 in Fighting
  4638 | D:7      | Noticed Prince Ribbit
  4653 | D:7      | Killed Prince Ribbit
  4653 | D:7      | Reached XP level 9. HP: 42/75 MP: 10/10
  4875 | D:7      | Noticed Joseph
  4893 | D:7      | Killed Joseph
  4893 | D:7      | Reached skill level 6 in Fighting
  4893 | D:7      | Reached skill level 5 in Armour
  5066 | D:7      | Reached *** piety under Okawaru
  5288 | D:8      | Found Niom Ibb's Jewellery Boutique.
  5288 | D:8      | Found a hazy altar of Hepliaklqana.
  5415 | D:8      | Reached skill level 7 in Fighting
  5884 | D:8      | Reached skill level 5 in Invocations
  6078 | D:9      | Reached **** piety under Okawaru
  6078 | D:9      | Reached skill level 8 in Fighting
  6382 | D:9      | Reached XP level 10. HP: 90/90 MP: 13/13
  6448 | D:9      | Found a sparkling altar of Nemelex Xobeh.
  6612 | D:9      | Found a stormy altar of Qazlal.
  7025 | D:9      | Reached skill level 9 in Fighting
  7121 | D:9      | Found a staircase to the Orcish Mines.
  7335 | Orc:1    | Entered Level 1 of the Orcish Mines
  7349 | Orc:1    | Noticed an orc high priest
  7363 | Orc:1    | Noticed a rust devil
  7557 | D:9      | Reached ***** piety under Okawaru
  7583 | D:9      | Reached skill level 1 in Dodging
  7840 | Orc:1    | Killed an orc high priest
  7973 | Orc:1    | Reached skill level 10 in Fighting
  8274 | Orc:1    | Found a burning altar of Makhleb.
  8714 | Orc:1    | Found a roughly hewn altar of Beogh.
  8912 | Orc:2    | Entered Level 2 of the Orcish Mines
  9045 | Orc:2    | Found Bununem's Jewellery Emporium.
  9060 | Orc:2    | Noticed an orc knight
  9403 | Orc:2    | Received a gift from Okawaru
  9404 | Orc:2    | Got a brightly glowing hat {god gift}
  9415 | Orc:2    | Identified the +2 hat of Maonuh {Stlth+} (Okawaru gifted it to you on level 2 of the Orcish Mines)
  9515 | Orc:2    | Noticed an orc knight
  9559 | Orc:1    | Killed an orc knight
  9559 | Orc:1    | Reached XP level 11. HP: 18/101 MP: 9/15
  9792 | Orc:2    | Noticed an orc sorcerer
  9801 | Orc:2    | Killed an orc sorcerer
  9803 | Orc:2    | Noticed an orc warlord
  9839 | Orc:1    | Noticed an orc knight
  9845 | Orc:1    | Reached skill level 11 in Fighting
  9866 | Orc:1    | Killed an orc knight
 10187 | Orc:2    | Found a staircase to the Elven Halls.
 10643 | Orc:2    | Noticed an orc sorcerer
 10660 | Orc:2    | Killed an orc sorcerer
 10682 | Orc:2    | Noticed an orc high priest
 10691 | Orc:2    | Killed an orc knight
 10696 | Orc:2    | Killed an orc high priest
 10711 | Orc:2    | Noticed an orc knight
 10752 | Orc:2    | Killed an orc knight
 11042 | Orc:2    | Reached skill level 5 in Dodging
 11076 | Orc:2    | Noticed an orc knight
 11096 | Orc:2    | Killed an orc knight
 11096 | Orc:2    | Reached skill level 12 in Fighting
 11392 | Orc:2    | Noticed an orc sorcerer
 11397 | Orc:2    | Killed an orc sorcerer
 11454 | Orc:2    | Received a gift from Okawaru
 11483 | Orc:2    | Found a roughly hewn altar of Beogh.
 11553 | Orc:1    | Killed an orc warlord
 11719 | Orc:2    | Found Alory's Antique Weapon Shoppe.
 11725 | Orc:2    | Bought a polished whip for 210 gold pieces
 11725 | Orc:2    | Bought a twisted flail for 238 gold pieces
 11725 | Orc:2    | Identified the +8 whip of Wyrd {venom, *Drain Str+7} (You bought it in a shop on level 2 of the Orcish Mines)
 11726 | Orc:2    | Identified the +7 flail of Dissolution {freeze, MR+} (You bought it in a shop on level 2 of the Orcish Mines)
 11737 | Orc:2    | Found Erghon's General Store.
 11844 | Orc:2    | Found Rihil's Jewellery Shoppe.
 11859 | Orc:2    | Found Bakomeh's Antique Armour Shoppe.
 11866 | Orc:2    | Bought a runed buckler for 294 gold pieces
 11866 | Orc:2    | Bought a blackened chain mail for 266 gold pieces
 11866 | Orc:2    | Identified the +2 chain mail of Gravitas {rN+ MR+ Stlth+} (You bought it in a shop on level 2 of the Orcish Mines)
 12031 | D:10     | Entered Level 10 of the Dungeon
 12057 | D:10     | Noticed a death yak
 12073 | D:10     | Killed a death yak
 12073 | D:10     | Reached XP level 12. HP: 88/113 MP: 17/17
 12340 | D:10     | Reached skill level 13 in Fighting
 12343 | D:10     | Reached skill level 10 in Armour
 12704 | D:10     | Received a gift from Okawaru
 12866 | D:10     | Found a staircase to the Lair.
 13323 | Lair:1   | Entered Level 1 of the Lair of Beasts
 14030 | D:12     | Reached skill level 14 in Fighting
 14032 | D:12     | Noticed Maurice
 14063 | D:12     | Killed Maurice
 14098 | D:12     | Received a gift from Okawaru
 14299 | D:12     | Noticed Kirke
 14322 | D:12     | Killed Kirke
 14349 | D:12     | Noticed an eight-headed hydra
 14358 | D:12     | Killed an eight-headed hydra
 14459 | D:12     | Found Busas's Food Shop.
 14738 | D:13     | Reached skill level 10 in Invocations
 14778 | D:13     | Reached XP level 13. HP: 84/125 MP: 17/19
 14787 | D:13     | Noticed Azrael
 14796 | D:13     | Killed Azrael
 14802 | D:13     | Found Emicauh's Assorted Antiques.
 15318 | D:13     | Reached skill level 15 in Fighting
 15407 | D:13     | Received a gift from Okawaru
 15452 | D:13     | Found Xoinuvo's Distillery.
 15461 | D:13     | Bought a potion of heal wounds for 85 gold pieces
 15494 | D:13     | Found Xacsu's Book Shoppe.
 15570 | D:13     | Received a gift from Okawaru
 15635 | D:13     | Found Puqodopo's Distillery.
 15642 | D:13     | Bought a potion of agility for 44 gold pieces
 15642 | D:13     | Bought a potion of heal wounds for 55 gold pieces
 15902 | D:14     | Found a gate to the Vaults.
 15918 | D:14     | Reached skill level 1 in Evocations
 15960 | D:14     | HP: 5/127 [vault guard/glaive (21)]
 15971 | D:14     | HP: 6/127 [vault guard/glaive (3)]
 16743 | D:14     | Reached ****** piety under Okawaru
 16975 | D:14     | Reached skill level 16 in Fighting
 17299 | D:14     | Gained mutation: Your muscles are strong. (Str +2) [potion of beneficial mutation]
 17332 | D:14     | Received a gift from Okawaru
 17333 | D:14     | Got an ancient great mace {god gift}
 17334 | D:14     | Identified the +9 great mace "Zaorr" {crush, rPois rN+ Int-3} (Okawaru gifted it to you on level 14 of the Dungeon)
 17445 | D:14     | Identified a +1 rod of shadows (11/11) (You found it on level 14 of the Dungeon)
 17611 | D:14     | Reached XP level 14. HP: 137/138 MP: 21/21
 18223 | D:14     | Received a gift from Okawaru
 18224 | D:14     | Got an iridescent halberd {god gift}
 18255 | D:14     | Paralysed by a wizard for 2 turns
 18560 | D:14     | Found a portal to a secret trove of treasure.
 19717 | Lair:2   | Received a gift from Okawaru
 19982 | Lair:2   | Found a staircase to the Shoals.
 20641 | Lair:3   | Noticed Snorg
 20651 | Lair:3   | Killed Snorg
 20706 | Lair:3   | Noticed Nergalle
 20714 | Lair:3   | Killed Nergalle
 20846 | Lair:3   | Noticed Gastronok
 20860 | Lair:3   | Killed Gastronok
 21032 | Lair:3   | Reached skill level 17 in Fighting
 21621 | Lair:4   | Found a staircase to the Snake Pit.
 22858 | Lair:5   | Found a staircase to the Slime Pits.
 22859 | Lair:5   | Found a viscous altar of Jiyva.
 22901 | Lair:5   | Reached XP level 15. HP: 147/147 MP: 22/22
 23640 | Lair:6   | Entered Level 6 of the Lair of Beasts
 23720 | Lair:6   | Got a scorched hat
 23721 | Lair:6   | Identified the +0 hat of Migreg {rPois rF+ Str+5} (You found it on level 6 of the Lair of Beasts)
 23758 | Lair:6   | Received a gift from Okawaru
 24288 | Lair:6   | Reached skill level 5 in Evocations
 24510 | Lair:6   | Reached skill level 18 in Fighting
 25674 | Snake:1  | Entered Level 1 of the Snake Pit
 26255 | Snake:1  | Identified a scroll of acquirement
 26256 | Snake:1  | Got an ancient pewter ring
 26258 | Snake:1  | Identified the ring "Xuletes" {rPois rN+ Str+6 Slay+3} (You acquired it on level 1 of the Snake Pit)
 26732 | Snake:1  | Received a gift from Okawaru
 26808 | Snake:2  | Noticed a nagaraja
 26821 | Snake:2  | Killed a nagaraja
 27162 | Snake:2  | Noticed Vashnia
 27189 | Snake:2  | Killed Vashnia
 27201 | Snake:2  | Received a gift from Okawaru
 27202 | Snake:2  | Got a heavily runed hat {god gift}
 27203 | Snake:2  | Identified the +0 hat of the Gastropod {Dex+5} (Okawaru gifted it to you on level 2 of the Snake Pit)
 27210 | Snake:2  | Reached skill level 19 in Fighting
 27626 | Snake:2  | Reached XP level 16. HP: 98/160 MP: 5/24
 28110 | Snake:2  | Reached skill level 10 in Dodging
 29035 | Snake:3  | Reached skill level 15 in Armour
 30078 | Snake:3  | Noticed Aizul
 30091 | Snake:3  | Killed Aizul
 30091 | Snake:3  | Received a gift from Okawaru
 30693 | Snake:4  | Entered Level 4 of the Snake Pit
 30746 | Snake:4  | Reached skill level 20 in Fighting
 31939 | Snake:4  | Received a gift from Okawaru
 31940 | Snake:4  | Got a brightly glowing short sword {god gift}
 32043 | Snake:4  | Reached XP level 17. HP: 113/171 MP: 23/26
 32485 | Snake:4  | Got a serpentine rune of Zot
 32827 | Lair:1   | Gained mutation: You can translocate small distances at will. [potion of mutation]
 32827 | Lair:1   | Lost mutation: Your muscles are strong. (Str +2) [potion of mutation]
 32828 | Lair:1   | Gained mutation: Your body sometimes deteriorates upon taking damage. [potion of mutation]
 32828 | Lair:1   | Gained mutation: You tend to lose your temper in combat. [potion of mutation]
 32828 | Lair:1   | Gained mutation: You are partially covered in large bone plates. (SH +4) [potion of mutation]
 32829 | Lair:1   | Gained mutation: You are partially covered in yellow scales. (AC +2) [potion of mutation]
 32829 | Lair:1   | Lost intelligence.
 32829 | Lair:1   | Gained mutation: You are dopey. (Int -2) [potion of mutation]
 32829 | Lair:1   | Lost mutation: You tend to lose your temper in combat. [potion of mutation]
 32831 | Lair:1   | Lost mutation: You are dopey. (Int -2) [potion of cure mutation]
 32831 | Lair:1   | Lost mutation: Your body sometimes deteriorates upon taking damage. [potion of cure mutation]
 32831 | Lair:1   | Lost mutation: You can translocate small distances at will. [potion of cure mutation]
 32831 | Lair:1   | Lost mutation: You are partially covered in yellow scales. (AC +2) [potion of cure mutation]
 32831 | Lair:1   | Lost mutation: You are partially covered in large bone plates. (SH +4) [potion of cure mutation]
 32832 | Lair:1   | Gained mutation: You tend to lose your temper in combat. [potion of mutation]
 32832 | Lair:1   | Gained mutation: You often lose your temper in combat. [potion of mutation]
 32832 | Lair:1   | Gained mutation: Your muscles are strong. (Str +2) [potion of mutation]
 32833 | Lair:1   | Gained mutation: Your system is resistant to poisons. (rPois) [potion of mutation]
 32833 | Lair:1   | Lost mutation: You often lose your temper in combat. [potion of mutation]
 33003 | D:15     | Entered Level 15 of the Dungeon
 33003 | D:15     | Noticed Louise
 33025 | D:15     | Killed Louise
 33285 | D:15     | Gained mutation: You are partially covered in iridescent scales. (AC +2) [mutagenic meat]
 33288 | D:15     | Gained mutation: You are clumsy. (Dex -2) [mutagenic meat]
 33289 | D:15     | Gained mutation: Your muscles are very strong. (Str +4) [mutagenic meat]
 33290 | D:15     | Gained mutation: You have a somewhat thin skeletal structure. (Dex +2, Stealth) [mutagenic meat]
 33435 | D:15     | Found Mafeal Xate's Armour Emporium.
 33467 | D:15     | Received a gift from Okawaru
 33559 | D:15     | Found a staircase to the Depths.
 34080 | Shoals:1 | Entered Level 1 of the Shoals
 34145 | Shoals:1 | Noticed a kraken
 34158 | Shoals:1 | Killed a kraken
 34170 | Shoals:1 | Noticed Donald
 34185 | Shoals:1 | Killed Donald
 34185 | Shoals:1 | Reached skill level 21 in Fighting
 34371 | Shoals:1 | Found Kofuhumu's Gadget Shoppe.
 34493 | Shoals:1 | Found Noesu's Food Emporium.
 34910 | Shoals:2 | Found Ether's Antique Weapon Shop.
 34913 | Shoals:2 | Bought a warped morningstar for 180 gold pieces
 34913 | Shoals:2 | Identified the +1 morningstar "Enesevad" {speed, *Corrode rN+ MP+9 Dex+2 SInv} (You bought it in a shop on level 2 of the Shoals)
 35127 | Shoals:2 | Received a gift from Okawaru
 35976 | Shoals:3 | Killed from afar by a merfolk aquamancer

Skill      XL: |  1  2  3  4  5  6  7  8  9 10 11 12 13 14 15 16 17 |
---------------+----------------------------------------------------+-----
Maces & Flails | 3 5 6 7 9 11 12 14 | 14.0
Fighting       | 4 5 8 10 12 14 16 17 19 20 21 | 21.3
Invocations    | 3 6 7 9 10 11 12 13 14 | 14.4
Armour         | 4 6 8 9 11 12 13 14 15 16 | 16.8
Dodging        | 3 6 8 9 10 11 | 11.8
Evocations     | 3 4 5 6 |  6.0
Shields        | |  3.6

Action                   |  1- 3 |  4- 6 |  7- 9 | 10-12 | 13-15 | 16-18 || total
-------------------------+-------+-------+-------+-------+-------+-------++-------
Melee: Flail             |    67 |   124 |   296 |   942 |   233 |       ||  1662
       Headbutt          |     8 |    28 |    67 |   229 |   230 |   164 ||   726
       Punch             |       |       |       |     2 |       |       ||     2
       Great mace        |       |       |       |       |   677 |   602 ||  1279
Invok: Heroism           |       |       |     1 |     8 |    10 |    10 ||    29
       Finesse           |       |       |       |     5 |     5 |     3 ||    13
 Abil: Evoke Invisibilit |       |       |       |       |       |     5 ||     5
Evoke: Wand              |       |       |       |       |     3 |       ||     3
       Rod               |       |       |       |       |     4 |       ||     4
       Disc of storms    |       |       |       |       |       |     9 ||     9
       Lamp of fire      |       |       |       |       |       |     2 ||     2
       Phial of floods   |       |       |       |       |       |     1 ||     1
  Use: Potion            |       |     2 |     9 |     5 |     7 |     9 ||    32
       Scroll            |       |       |       |    21 |    14 |     5 ||    40
 Stab: Invisible         |       |       |       |     1 |       |     8 ||     9
       Distracted        |       |       |       |       |     1 |     1 ||     2
  Eat: Chunk             |     1 |     4 |    13 |    29 |    39 |    21 ||   107
       Fruit             |       |       |       |       |     4 |    15 ||    19
       Pizza             |       |       |       |       |       |     1 ||     1
Armor: Scale mail        |     4 |       |       |       |       |       ||     4
       Chain mail        |    21 |    40 |    94 |   267 |   388 |   329 ||  1139
Dodge: Dodged            |    16 |    23 |    64 |   326 |   721 |   726 ||  1876
Block: Shield            |    31 |    49 |   110 |   242 |       |       ||   432
       Buckler           |       |       |       |    58 |    46 |       ||   104
       Reflection        |       |       |       |       |     2 |       ||     2
